Map: Ice and Chrome LE

Players

CoolDe - Winner!

  • Race: Zerg Zerg
  • Spawn Location: 1:00

Eclipse

  • Race: Zerg Zerg
  • League: Platinum
  • Spawn Location: 7:00

VOD

Have the link to the VOD?

Description

Time

  • Played on: Sept. 26, 2020, 4:49 p.m.
  • Length: 4:25
Show
View Real Time Build Order
Export as new Build Order

CoolDe Zerg - Winner!

Build Orders: Hatch First 

Get SALT Encoding   

  12  0:01  Drone  
  13  0:13  Overlord  
  13  0:17  Drone  
  14  0:32  Drone x2  
  16  0:50  Hatchery  
  16  0:55  Extractor  
  14  1:07  Spawning Pool  
  13  1:11  Drone  
  13  1:14  Drone  
  13  1:18  Drone  
  16  1:24  Drone  
  17  1:34  Drone  
  18  1:56  Metabolic Boost  
  18  2:03  Zergling x2  
  18  2:04  Zergling x4  
  21  2:11  Queen  
  23  2:16  Overlord  
  23  2:26  Baneling Nest  
  23  2:28  Zergling x6  
  25  2:30  Zergling x2  
  25  2:36  Zergling x2  
  27  2:40  Zergling x2  
  28  2:46  Zergling x2  
  29  2:54  Zergling x2  
  30  3:02  Zergling x2  
  30  3:03  Zergling x2  
  32  3:12  Baneling x5  
  32  3:19  Baneling  
  32  3:23  Zergling x8  
  33  3:58  Zergling x6  
Show
View Real Time Build Order
Export as new Build Order

Eclipse Zerg 

Build Orders: Hatch First 

Get SALT Encoding   

  12  0:04  Drone  
  13  0:08  Drone  
  14  0:20  Overlord  
  14  0:55  Drone, Hatchery  
  14  0:56  Drone x2  
  16  1:11  Drone  
  17  1:13  Spawning Pool  
  17  1:15  Extractor  
  17  1:18  Drone  
  16  1:29  Drone  
  17  1:39  Drone  
  18  1:49  Drone  
  19  2:00  Queen  
  21  2:06  Queen  
  21  2:07  Drone x2  
  25  2:11  Drone  
  26  2:21  Drone  
  26  2:22  Drone  
  28  2:32  Metabolic Boost  
  28  2:39  Hatchery  
  28  2:41  Drone  
  28  2:43  Overlord  
  28  2:50  Overlord  
  28  3:03  Zergling x2  
  28  3:04  Zergling x6  
  32  3:19  Roach Warren  
  31  3:22  Extractor  
  31  3:23  Drone x5  
  35  3:39  Overlord x4  
  16  3:57  Zergling x6  
  16  3:58  Zergling x4  
Tags
 
Add a new tag
Caveats
  • Supply blocks, unpowered buildings, or Contaminate may cause inaccurate times.
  • Supply counts are checked every 10 seconds.